 Dungeon Crawl Stone Soup version 0.29.1-15-g9cfb28693d (webtiles) character file.

Game seed: 703432378738758853

954 manyhoops the Insei (level 8, -2/52 HPs)
             Began as an Octopode Transmuter on Apr 9, 2023.
             Splashed by a jelly's acid (8 damage)
             ... on level 6 of the Dungeon.
             The game lasted 00:07:38 (6329 turns).

manyhoops the Insei (Octopode Transmuter)           Turns: 6329, Time: 00:07:39

Health: -2/52      AC: -11   Str: 12    XL:     8   Next: 14%
Magic:  11/11      EV: 13    Int: 15    God:
Gold:   208        SH:  0    Dex: 12    Spells: 4/11 levels left

rFire   . . .      SeeInvis .     - Unarmed
rCold   . . .      Faith    .   (no shield)
rNeg    . . .      Spirit   .   (helmet currently unavailable)
rPois   .          Reflect  .   (no amulet)
rElec   .          Harm     .   f - ring of willpower
rCorr   .          Rampage  .   (no ring)
Will    +....                   (no ring)
Stlth   ++........              (no ring)
HPRegen 0.17/turn               (no ring)
MPRegen 0.12/turn               (no ring)
                                (no ring)
                                (no ring)

@: appendages, corroded
A: tentacle spike 3, almost no armour, amphibious, 8 rings, camouflage 1,
gelatinous body 1, (nimble swimmer 1), tentacles
a: End Transformation


You were on level 6 of the Dungeon.
One of your tentacles had grown a beastly spike.
You visited 2 branches of the dungeon, and saw 7 of its levels.

You collected 208 gold pieces.

Inventory:

Missiles
 q - 2 throwing nets
Jewellery
 f - a ring of willpower (left tentacle)
 u - an amulet of faith
Wands
 t - a wand of iceblast (6)
Scrolls
 b - a scroll of enchant armour
 c - a scroll of identify
 d - 2 scrolls of poison
 h - a scroll of immolation {unknown}
 j - a scroll of blinking {unknown}
 k - a scroll of butterflies
 n - a scroll of fear {unknown}
 o - a scroll of vulnerability {unknown}
 r - a scroll of noise {unknown}
Potions
 a - a potion of invisibility
 e - a potion of brilliance {unknown}
 g - a potion of curing
 i - a potion of resistance
 l - a potion of might
 m - a potion of flight
 p - a potion of berserk rage {unknown}
 s - a potion of heal wounds


   Skills:
 - Level 3.1 Fighting
 - Level 2.0 Dodging
 - Level 6.0 Unarmed Combat
 + Level 2.0 Spellcasting
 - Level 5.3 Transmutations
 - Level 4.1 Ice Magic


You had 4 spell levels left.
You knew the following spells:

 Your Spells              Type           Power      Damage    Failure   Level
a - Beastly Appendage     Tmut           34%        N/A       2%          1
b - Wereblood             Tmut           17%        N/A       3%          2
c - Ice Form              Ice/Tmut       15%        N/A       30%         4

Your spell library contained the following spells:

 Spells                   Type           Power      Damage    Failure   Level
 Spider Form              Tmut/Pois      9%         N/A       22%         3
 Blink                    Tloc           2%         N/A       32%         2
 Static Discharge         Conj/Air       1%         3-4/arc   32%         2
 Lesser Beckoning         Tloc           1%         N/A       54%         3
 Dispel Undead            Necr           1%         3d6       91%         4
 Sticky Flame             Conj/Fire      1%         2d3       91%         4
 Manifold Assault         Tloc           1%         N/A       99%         5


Dungeon Overview and Level Annotations

Branches:
Dungeon (6/15)             Temple (1/1) D:4

Altars:
Ashenzari
Dithmenos
Elyvilon
Fedhas
Hepliaklqana
Kikubaaqudgha
Makhleb
Nemelex Xobeh
Qazlal
Ru
Trog
Uskayaw
Wu Jian
Xom
Yredelemnul
The Shining One


Innate Abilities, Weirdness & Mutations

One of your tentacles has grown a beastly spike.
You cannot wear most types of armour.
You are amphibious.
You can wear up to eight rings at the same time.
Your skin changes colour to match your surroundings (Stealth+).
Your rubbery body absorbs attacks. (AC +1, EV +1)
((You are camouflaged when in or above water. (Stealth+)))
You have tentacles for arms and can constrict up to eight enemies at once.


Message History

The orc hits you with a +0 short sword.
You tentacle-slap the orc.
You feel a bit better.
You kill the orc!
Your primal bloodlust is almost over.
You hear a distant slurping noise.
You howl as the wereblood boils in your veins!
Your primal bloodlust has ended.
Magic restored.
Your transformation is almost over.
A jelly comes into view.
A jelly is nearby!
A jelly is nearby!
Casting: Beastly Appendage (safe; 2% risk of failure)
Confirm with . or Enter, or press ? or * to list all spells.
You extend your transformation's duration.
The jelly quivers.
You tentacle-slap the jelly.
Your tentacles burn!
You pierce the jelly.
The jelly is moderately wounded.
The jelly closely misses you.
You tentacle-slap the jelly.
Your tentacles burn!
You pierce the jelly.
You squeeze the jelly.
The jelly is severely wounded.
The jelly hits you. The acid corrodes you!
You are splashed with acid!
You tentacle-slap the jelly.
Your tentacles burn!
You pierce the jelly.
You squeeze the jelly.
The jelly is almost dead.
The jelly hits you. The acid corrodes you!
You are splashed with acid!
You are too injured to fight recklessly!
You tentacle-slap the jelly but do no damage.
Your tentacles burn!
You pierce the jelly, but do no damage.
The jelly is almost dead.
The jelly hits you.
You are splashed with acid!
* * * LOW HITPOINT WARNING * * *
You tentacle-slap the jelly.
Your tentacles burn!
* * * LOW HITPOINT WARNING * * *
The jelly is almost dead.
The jelly hits you.
* * * LOW HITPOINT WARNING * * *
The acid corrodes you!
You are splashed with acid!
You die...

#........ .....
#.).....
.....######'##..#
#......#.##.##..###
#......#..........#
#......#..........#
#......#.......<..#
#.....)#)##########
#....@J......
#............
................
####............
...#########'#
....# # .....#
.....#


You could see a jelly.

Vanquished Creatures
  An ice beast (D:5)
  A phantom (D:5)
  5 scorpions
  A water moccasin zombie (D:3)
  A hound (D:4)
  An iguana (D:4)
  Natasha (twice) (D:4)
  An orc wizard (D:5)
  2 scorpion zombies (D:3)
  4 adders
  8 gnolls
  2 white imps
  An ufetubus (D:5)
  An adder zombie (D:3)
  2 adder skeletons (D:3)
  A worm (D:5)
  4 dart slugs
  20 orcs
  6 endoplasms
  5 giant cockroaches
  2 goblins (D:1)
  8 hobgoblins
  8 jackals (D:4)
  2 quokkas
  9 ball pythons
  2 bats
  4 frilled lizards
  A jackal skeleton (D:3)
  6 kobolds
  A quokka skeleton (D:3)
  3 rats
115 creatures vanquished.

Vanquished Creatures (others)
  A withered plant (D:3)
1 creature vanquished.

Grand Total: 116 creatures vanquished

Notes
Turn   | Place    | Note
-------+----------+-------------------------------------------
     0 | D:1      | manyhoops the Octopode Transmuter began the quest for the
                  | Orb.
     0 | D:1      | Reached XP level 1. HP: 13/13 MP: 3/3
   166 | D:1      | Reached XP level 2. HP: 18/18 MP: 3/5
   408 | D:1      | Found a faded altar of an unknown god.
   569 | D:1      | Reached XP level 3. HP: 17/24 MP: 6/6
   781 | D:1      | Learned a level 2 spell: Wereblood
   976 | D:2      | Found an ornate altar of the Wu Jian Council.
  1144 | D:2      | Reached skill level 4 in Unarmed Combat
  1479 | D:2      | Reached XP level 4. HP: 19/29 MP: 2/7
  1766 | D:3      | Reached XP level 5. HP: 35/35 MP: 6/8
  1788 | D:3      | Reached skill level 5 in Unarmed Combat
  2389 | D:3      | Reached XP level 6. HP: 41/41 MP: 5/9
  2821 | D:4      | Reached skill level 6 in Unarmed Combat
  3046 | D:4      | Found a staircase to the Ecumenical Temple.
  3111 | D:4      | Learned a level 4 spell: Ice Form
  3133 | D:4      | Reached skill level 1 in Ice Magic
  3405 | Temple   | Entered the Ecumenical Temple
  3850 | D:4      | Reached XP level 7. HP: 35/46 MP: 8/10
  4128 | D:4      | Noticed Natasha
  4135 | D:4      | Killed Natasha
  4314 | D:4      | Noticed Natasha
  4322 | D:4      | Killed Natasha
  4653 | D:5      | Entered Level 5 of the Dungeon
  5592 | D:5      | Reached skill level 5 in Transmutations
  5592 | D:5      | Reached XP level 8. HP: 52/52 MP: 9/11
  6329 | D:6      | Splashed by a jelly's acid

Illustrated notes

Levels and vault maps discovered:
D:1:      spicycebolla_arrival_clurvy, layout_rooms,
          shapermc_ecumenical_altar_pompeii, nicolae_figureground_pulse
D:2:      layout_basic, basic_altar
D:3:      layout_loops_corners, serial_undead, serial_undead_b, serial_undead_f,
          serial_undead_b, serial_undead_a
D:4:      layout_basic, minmay_temple_entry_ruins, minmay_between, uniq_natasha
D:5:      layout_loops_ring, minivault_23
D:6:      layout_gridville
Temple:   compressed_dpeg_triangle_lava_temple

Skill      XL: |  1  2  3  4  5  6  7 |
---------------+----------------------+-----
Unarmed Combat | 4 5 6 |  6.0
Fighting       | 2 3 |  3.1
Ice Magic      | 2 4 |  4.1
Transmutations | 3 5 |  5.3
Dodging        | |  2.0
Spellcasting   | |  2.0

Action                   |  1- 3 |  4- 6 |  7- 9 || total
-------------------------+-------+-------+-------++-------
Melee: Unarmed           |    53 |   108 |    85 ||   246
       Constrict         |    14 |    29 |    19 ||    62
       Tentacles         |    11 |    25 |    25 ||    61
       Kick              |    10 |    33 |    33 ||    76
       Punch             |     2 |     7 |     3 ||    12
 Cast: Beastly Appendage |    14 |    28 |    24 ||    66
       Wereblood         |     4 |     7 |     4 ||    15
  Use: Potion            |       |     3 |     7 ||    10
       Scroll            |       |     3 |     1 ||     4
 Stab: Sleeping          |     2 |     7 |     3 ||    12
Armor: Skin              |     2 |     6 |     4 ||    12
Dodge: Dodged            |    26 |    47 |    25 ||    98
